 Dungeon Crawl Stone Soup version 0.25.0-7-g216d0a8 (webtiles) character file.

Game seed: 1799845352955917953

10670 Exaltedone87 the Slinger (level 11, -1/75 HPs)
             Began as a Halfling Hunter on June 16, 2020.
             Was an Elder of Nemelex Xobeh.
             Killed from afar by a fire dragon (23 damage)
             ... with a blast of flame
             ... on level 11 of the Dungeon.
             The game lasted 00:50:17 (12323 turns).

Exaltedone87 the Slinger (Halfling Hunter)         Turns: 12323, Time: 00:50:21

Health: -1/75      AC:  9    Str: 14    XL:     11   Next: 97%
Magic:  16/16      EV: 17    Int:  9    God:    Nemelex Xobeh [****..]
Gold:   644        SH:  0    Dex: 18    Spells: 10/10 levels left

rFire    . . .     SeeInvis .   a - +3 hunting sling (flame)
rCold    . . .     Gourm    .   (shield restricted)
rNeg     . . .     Faith    .   x - +0 scale mail
rPois    +         Spirit   .   (no helmet)
rElec    .         Reflect  .   D - scarf {repulsion}
rCorr    .         Harm     .   (no gloves)
MR       .....                  p - +1 pair of boots
Stlth    +++.......             g - amulet of magic regeneration
HPRegen  0.22/turn              u - ring of poison resistance
MPRegen  0.40/turn              y - ring of stealth

@: about to teleport, repel missiles
A: small, mutation resistance 1
a: Draw Escape, Draw Destruction, Draw Summoning, Triple Draw, Deal Four,
Renounce Religion


You were on level 11 of the Dungeon.
You worshipped Nemelex Xobeh.
Nemelex Xobeh was greatly pleased with you.
You were not hungry.

You visited 1 branch of the dungeon, and saw 11 of its levels.
You also visited: Ossuary.

You collected 644 gold pieces.

Inventory:

Hand Weapons
 a - a +3 hunting sling of flaming (weapon)
 b - a +1 rapier
Missiles
 d - 34 sling bullets (quivered)
 i - 348 stones
 s - 2 throwing nets
Armour
 p - a +1 pair of boots (worn)
 x - a +0 scale mail (worn)
 A - a +0 chain mail
 D - a scarf of repulsion (worn)
Jewellery
 g - an amulet of magic regeneration (around neck)
 o - an uncursed amulet of the acrobat {unknown}
 r - a cursed ring of teleportation {unknown}
 u - a ring of poison resistance (left hand)
 y - a ring of stealth (right hand)
 B - an uncursed ring of protection from magic
 F - an uncursed ring of protection from cold {unknown}
Wands
 j - a wand of random effects (19)
 k - a wand of clouds (4)
 q - a wand of flame (37)
 z - a wand of disintegration (13)
Scrolls
 w - 2 scrolls of magic mapping
 C - 3 scrolls of identify
 E - a scroll of remove curse
 H - a scroll of enchant weapon
 J - a scroll of vulnerability {unknown}
Potions
 c - 3 potions of flight
 e - 2 potions of mutation
 l - 5 potions of magic
 m - 3 potions of heal wounds
 n - 2 potions of haste
 t - 3 potions of brilliance
 v - 2 potions of ambrosia
 G - a potion of curing
Comestibles
 f - 22 rations
 I - 6 chunks of flesh


   Skills:
 + Level 7.1 Fighting
 + Level 9.0 Short Blades
 - Level 12.0 Slings
 + Level 5.5 Armour
 + Level 8.6 Dodging
 - Level 6.0 Stealth
 + Level 7.6 Invocations


You had 10 spell levels left.
You didn't know any spells.
Your spell library contained the following spells:

 Spells                   Type           Power        Failure   Level  Hunger
 Corona                   Hex            #......      83%         1    ##.....
 Slow                     Hex            #.......     93%         2    ###....
 Inner Flame              Hex/Fire       #.......     99%         3    ####...
 Portal Projectile        Hex/Tloc       #.....       99%         3    ####...
 Cause Fear               Hex            #.........   100%        4    #####..
 Leda's Liquefaction      Hex/Erth       #.........   100%        4    #####..


Dungeon Overview and Level Annotations

Branches:
Dungeon (11/15)            Temple (0/1) D:7            Lair (0/6) D:11
Ossuary (visited)
    Orc: D:9-12

Altars:
Dithmenos
Gozag
Makhleb
Nemelex Xobeh
Qazlal
Sif Muna
Trog
Vehumet
Xom
Yredelemnul
Zin

Shops:
D:7 %   D:11 (

Annotations:
D:3 2 transporters, KittyFluff's ghost, amateur GnBe
D:4 2 transporters, Southernist's ghost, novice FoFi


Innate Abilities, Weirdness & Mutations

You are small and have problems with some larger weapons.
You are somewhat resistant to further mutation.


Message History

Firing (i - inventory. (/) - cycle)
d - 35 sling bullets (quivered)
Press: ? - help, Shift-Dir - straight line, f/p - vampire mosquito
Aim: a vampire mosquito (severely damaged, summoned)
You shoot a sling bullet.
The sling bullet hits the vampire mosquito.
The sling bullet burns the vampire mosquito.
The vampire mosquito is almost destroyed.
The vampire mosquito bites you!
* * * LOW HITPOINT WARNING * * *
The vampire mosquito draws strength from your injuries!
Your vampire mosquito bites the fire dragon.
Your vampire mosquito draws strength from the fire dragon's injuries!
As you read the scroll of teleportation, it crumbles to dust.
You feel strangely unstable. The vampire mosquito barely misses you.
Your vampire mosquito closely misses the fire dragon.
The adder barely misses your vampire mosquito.
The fire dragon breathes flames at you. The blast of flame hits you!!
You die...
Your body glows with a rainbow of weird colours and disappears.

#.......# #.......#
#.##.##.# #.#####.#
..##.##.####.#####.#
.....##.........##.#
############.##.##.#######
...# #.............#
##.#### ####...######.# #
.#... ##y#y###### ##....
#.y@Dy....# #..###
#.....###S###..# ..##.
##... (.. .##. ##.# .###
##. # (. #.# (# #.# .S .#
#.#


You could see a fire dragon (catching breath), a vampire mosquito (summoned), an
adder and 3 friendly vampire mosquitoes.

Vanquished Creatures
  A two-headed ogre (D:9)
  An unseen horror (D:8)
  A harpy (D:10)
  A manticore (D:11)
  A cyclops (D:11)
  A guardian serpent (shapeshifter) (D:11)
  2 gargoyles (D:10)
  A troll (D:10)
  Grinder (D:6)
  2 hippogriffs
  Sigmund (D:5)
  3 hogs (D:7)
  A yak (D:7)
  A human (D:7)
  2 wargs (D:11)
  Duvessa (D:6)
  5 orc warriors
  2 phantoms
  A sky beast (D:9)
  A black bear (D:11)
  3 ice beasts
  8 ogres
  3 centaurs
  A crocodile (D:9)
  A big kobold (D:7)
  7 bullfrogs
  Dowan (D:6)
  2 scorpions
  21 killer bees
  2 centaur zombies (Ossuary)
  3 crimson imps
  A quasit (D:10)
  5 hounds
  14 orc wizards
  A bullfrog skeleton (D:5)
  A centaur skeleton (D:8)
  2 jellies
  6 orc priests
  7 worker ants
  2 iguanas
  2 big kobold zombies (Ossuary)
  7 mummies
  A howler monkey zombie (D:7)
  2 worker ant zombies
  16 adders
  7 gnolls
  A river rat (D:10)
  6 shadow imps
  4 oozes
  An adder zombie (D:8)
  2 adder skeletons
  2 worms (D:4)
  3 dart slugs
  46 orcs
  9 giant cockroaches
  17 goblins
  5 hobgoblins
  12 jackals
  6 quokkas
  10 bats
  7 frilled lizards
  2 hobgoblin zombies (Ossuary)
  13 kobolds
  A quokka zombie (D:5)
  5 rats
308 creatures vanquished.

Vanquished Creatures (collateral kills)
  3 killer bees (D:10)
3 creatures vanquished.

Grand Total: 311 creatures vanquished

Notes
Turn   | Place    | Note
-------+----------+-------------------------------------------
     0 | D:1      | Exaltedone87 the Halfling Hunter began the quest for the
                  | Orb.
     0 | D:1      | Reached XP level 1. HP: 14/14 MP: 1/1
   230 | D:1      | Reached skill level 6 in Slings
   233 | D:1      | Reached XP level 2. HP: 19/19 MP: 2/2
   678 | D:1      | Reached XP level 3. HP: 24/24 MP: 3/3
   807 | D:2      | Reached skill level 1 in Short Blades
   961 | D:2      | Reached XP level 4. HP: 28/29 MP: 4/4
   973 | D:2      | Found a faded altar of an unknown god.
  1355 | D:2      | Reached XP level 5. HP: 35/35 MP: 5/5
  1505 | D:2      | Found a stormy altar of Qazlal.
  1550 | D:2      | Reached skill level 7 in Slings
  2271 | D:3      | Reached XP level 6. HP: 31/41 MP: 6/6
  2769 | D:3      | Found a transporter.
  3019 | D:3      | Found a transporter.
  3019 | D:3      | Noticed KittyFluff's ghost (amateur GnBe)
  3490 | D:4      | Found a transporter.
  3490 | D:4      | Noticed Southernist's ghost (novice FoFi)
  3504 | D:4      | Found a sparkling altar of Nemelex Xobeh.
  3554 | D:4      | Found a shimmering altar of Xom.
  3635 | D:4      | Became a worshipper of Nemelex Xobeh the Trickster
  3655 | D:4      | Noticed an ogre
  3666 | D:4      | Killed an ogre
  3666 | D:4      | Reached skill level 8 in Slings
  3666 | D:4      | Reached XP level 7. HP: 45/46 MP: 7/7
  3674 | D:4      | Found a transporter.
  3700 | D:4      | Received a gift from Nemelex Xobeh
  3704 | D:4      | Found a basalt altar of Yredelemnul.
  4098 | D:4      | Reached skill level 1 in Invocations
  4523 | D:5      | Entered Level 5 of the Dungeon
  4661 | D:5      | Reached XP level 8. HP: 52/52 MP: 9/9
  4797 | D:5      | Reached skill level 9 in Slings
  4849 | D:5      | Found a sand-covered staircase.
  4875 | Ossuary  | Entered an ossuary
  5354 | D:5      | Noticed Sigmund
  5389 | D:5      | Killed Sigmund
  5652 | D:5      | Reached skill level 10 in Slings
  5652 | D:5      | Reached skill level 5 in Dodging
  5652 | D:5      | Reached XP level 9. HP: 58/58 MP: 11/11
  5659 | D:5      | Found an opulent altar of Gozag.
  5797 | D:5      | Reached * piety under Nemelex Xobeh
  6168 | D:6      | Reached skill level 5 in Stealth
  6452 | D:6      | Found a runed translucent door.
  6453 | D:6      | Noticed Crazy Yiuf
  6457 | D:6      | Noticed Crazy Yiuf
  6457 | D:6      | Crazy Yiuf changed into Crazy Yiuf the ooze
  6459 | D:6      | Killed Crazy Yiuf the ooze
  6557 | D:6      | Found a glowing silver altar of Zin.
  6559 | D:6      | Noticed an angel
  6560 | D:6      | Found a burning altar of Makhleb.
  6560 | D:6      | Noticed a cacodemon
  6617 | D:6      | Noticed Grinder
  6627 | D:6      | Killed Grinder
  6627 | D:6      | Reached skill level 5 in Short Blades
  6703 | D:6      | Noticed Duvessa
  6703 | D:6      | Noticed Dowan
  6717 | D:6      | Killed Duvessa
  6725 | D:6      | Killed Dowan
  7026 | D:7      | Received a gift from Nemelex Xobeh
  7080 | D:7      | Reached skill level 11 in Slings
  7205 | D:7      | Reached ** piety under Nemelex Xobeh
  7235 | D:7      | Received a gift from Nemelex Xobeh
  7444 | D:7      | Found Merrif's Food Boutique.
  7802 | D:7      | Reached XP level 10. HP: 65/65 MP: 13/13
  7809 | D:7      | Reached skill level 5 in Fighting
  7825 | D:7      | Reached skill level 12 in Slings
  7946 | D:7      | Reached skill level 5 in Invocations
  8061 | D:7      | Found a staircase to the Ecumenical Temple.
  8526 | D:8      | HP: 3/66 [orc warrior/+0 short sword (10)]
  8767 | D:8      | Reached skill level 1 in Armour
  8883 | D:8      | Killed an unseen horror
  9188 | D:8      | Found a radiant altar of Vehumet.
  9346 | D:8      | Received a gift from Nemelex Xobeh
  9602 | D:9      | Noticed a two-headed ogre
  9666 | D:9      | Reached *** piety under Nemelex Xobeh
  9675 | D:9      | Killed a two-headed ogre
  9675 | D:9      | Reached XP level 11. HP: 72/72 MP: 15/15
  9904 | D:9      | Received a gift from Nemelex Xobeh
 10034 | D:9      | Found a shadowy altar of Dithmenos.
 10260 | D:9      | Found a bloodstained altar of Trog.
 10371 | D:9      | Found a shimmering blue altar of Sif Muna.
 10449 | D:10     | Entered Level 10 of the Dungeon
 10472 | D:10     | Noticed a harpy
 10472 | D:10     | a queen bee changed into a harpy
 10480 | D:10     | Killed a harpy
 11235 | D:10     | Received a gift from Nemelex Xobeh
 11557 | D:10     | Reached skill level 5 in Armour
 12037 | D:11     | Found Idghasou's Weapon Shoppe.
 12037 | D:11     | Received a gift from Nemelex Xobeh
 12060 | D:11     | Noticed a cyclops
 12076 | D:11     | Killed a cyclops
 12119 | D:11     | Found a staircase to the Lair.
 12189 | D:11     | Noticed a manticore
 12202 | D:11     | Killed a manticore
 12260 | D:11     | Reached **** piety under Nemelex Xobeh
 12308 | D:11     | Noticed a fire dragon
 12310 | D:11     | Noticed a manticore
 12323 | D:11     | Killed from afar by a fire dragon

Illustrated notes

Levels and vault maps discovered:
D:1:      matt_arrival_grand_opening, layout_basic, skrybe_limestone_x
D:2:      kennysheep_the_goblin_king, layout_loops_ring,
          nicolae_qazlal_general_emergency, chequers_ecumenical_altar_island,
          first_ration, minmay_heptomino_d4
D:3:      layout_loops_ring, gammafunk_ghost_mausoleum
D:4:      layout_loops_ring, yredelemnul_altar_generic, xom_butterflies,
          gammafunk_ghost_arena, nemelex_xobeh_ov_fountains_minmay
D:5:      layout_basic, lemuel_crystal_altar, gup_ossuary_entry_pyramid,
          eino_tiny_chamber, uniq_sigmund
D:6:      layout_loops_ring, grunt_temple_overflow_order_and_chaos_2,
          uniq_grinder, uniq_duvessa, uniq_crazy_yiuf_cottage
D:7:      layout_layer_cave, minmay_temple_entry_from_below_a, serial_shops,
          nicolae_shop_trees, grunt_livestock
D:8:      layout_rooms, nicolae_overflow_crystal_walls
D:9:      layout_roguey, kennysheep_mini, lemuel_blue_sif_altar, basic_altar,
          hangedman_abyss_or_decor_stagger, minmay_between
D:10:     layout_loops_ring, enter_bailey_8, special_room [special_room_bee]
D:11:     minmay_the_grid_octo_2x2 [minmay_the_grid_octo_teeth,
          minmay_the_grid_octo_focus, minmay_the_grid_octo_pinwheel,
          minmay_the_grid_octo_prize_big_c], layout_loops_cross,
          erik_lair_orcish_takeover, serial_shops, nicolae_shop_statue_plus

Skill      XL: |  1  2  3  4  5  6  7  8  9 10 11 |
---------------+----------------------------------+-----
Slings         | 6 7 8 10 11 12 | 12.0
Fighting       | 2 3 4 6 7 |  7.1
Short Blades   | 1 2 3 4 5 7 9 |  9.0
Stealth        | 2 3 4 5 6 |  6.0
Dodging        | 3 4 5 6 7 8 |  8.6
Invocations    | 1 3 4 6 7 |  7.6
Armour         | 3 5 |  5.5

Action                   |  1- 3 |  4- 6 |  7- 9 | 10-12 || total
-------------------------+-------+-------+-------+-------++-------
Melee: Short sword       |     8 |       |       |       ||     8
       Dagger            |       |   128 |   145 |       ||   273
       Rapier            |       |       |     8 |    18 ||    26
       Hunting sling     |       |       |       |     1 ||     1
 Fire: Hunting sling     |    59 |   141 |   333 |   494 ||  1027
Invok: Draw Destruction  |       |       |     8 |    10 ||    18
       Draw Escape       |       |       |       |     2 ||     2
       Draw Summoning    |       |       |       |     4 ||     4
  Use: Scroll            |     4 |    13 |    10 |     6 ||    33
       Potion            |     1 |     1 |     3 |     4 ||     9
 Stab: Sleeping          |       |     3 |       |       ||     3
       Distracted        |       |       |       |     1 ||     1
  Eat: Chunk             |       |     8 |     9 |     7 ||    24
       Ration            |       |       |     1 |     2 ||     3
Armor: Leather armour    |     4 |    11 |    21 |       ||    36
       Scale mail        |       |       |    10 |    63 ||    73
Dodge: Dodged            |    10 |    93 |   158 |   161 ||   422
       Repelled          |       |       |       |     5 ||     5
